Map: Rainfall LE

Players

Lambo - Winner!

  • Race: Zerg Zerg
  • Spawn Location: 5:00

Harstem

  • Race: Protoss Protoss
  • League: Grandmaster
  • Spawn Location: 11:00

Event: HomeStory Cup XXIX

VOD

Have the link to the VOD?

Description

Time

  • Played on: July 5, 2026, 7:40 a.m.
  • Length: 9:47

All games in this series

Show
View Real Time Build Order
Export as new Build Order

Lambo Zerg - Winner!

Build Orders: Hatch First 

Get SALT Encoding   

  8  0:00  Drone  
  9  0:10  Drone  
  10  0:16  Drone  
  10  0:21  Drone  
  12  0:31  Overlord  
  12  0:39  Extractor, Drone  
  13  0:50  Drone x2  
  15  1:00  Drone  
  16  1:15  Hatchery  
  16  1:18  Drone  
  16  1:20  Drone  
  17  1:29  Drone  
  18  1:35  Extractor  
  17  1:41  Spawning Pool  
  17  1:45  Drone  
  17  1:51  Drone  
  18  2:00  Drone  
  19  2:09  Overlord  
  19  2:19  Drone  
  20  2:28  Queen x2  
  20  2:29  Zergling x2  
  25  2:35  Metabolic Boost  
  25  2:37  Zergling x2  
  25  2:41  Drone  
  25  2:44  Drone  
  28  2:50  Drone  
  29  2:53  Drone  
  30  2:59  Overlord  
  30  3:04  Drone  
  31  3:13  Hatchery  
  31  3:18  Zergling x2  
  31  3:19  Drone  
  32  3:25  Zergling x2  
  33  3:31  Drone x2  
  34  3:38  Drone x3  
  34  3:41  Drone  
  37  3:43  Overlord  
  37  3:45  Queen  
  39  3:49  Drone  
  40  3:59  Spore Crawler  
  40  4:01  Queen  
  41  4:03  Drone x2  
  41  4:06  Spore Crawler  
  41  4:07  Drone  
  43  4:10  Drone x3  
  43  4:13  Overlord  
  43  4:16  Drone  
  47  4:20  Spore Crawler  
  43  4:24  Drone  
  43  4:25  Drone x2  
  43  4:29  Overlord  
  47  4:35  Drone x3  
  47  4:37  Drone  
  51  4:42  Drone  
  51  4:45  Overlord  
  51  4:46  Overlord  
  51  4:51  Queen  
  53  4:54  Zergling x4  
  54  5:00  Drone x4  
  54  5:06  Drone x4  
  62  5:09  Drone  
  62  5:12  Zergling x2  
  64  5:15  Drone x4  
  64  5:17  Drone  
  64  5:21  Overlord  
  69  5:22  Drone x2  
  69  5:24  Evolution Chamber  
  70  5:34  Drone x5  
  70  5:35  Roach Warren  
  74  5:36  Extractor  
  74  5:37  Overlord  
  74  5:40  Lair  
  74  5:42  Zergling x2  
  74  5:45  Overlord  
  74  5:47  Overlord, Drone  
  74  5:48  Drone  
  76  5:51  Drone  
  76  5:52  Overlord  
  76  5:54  Extractor  
  76  5:55  Zergling x4  
  78  5:57  Overlord, Extractor  
  78  6:00  Overlord  
  78  6:01  Zergling x2  
  78  6:03  Overlord  
  78  6:06  Overlord  
  78  6:07  Overlord  
  79  6:11  Zergling x6  
  79  6:15  Roach  
  79  6:16  Roach  
  83  6:20  Roach x3  
  91  6:25  Roach  
  91  6:26  Roach x2  
  91  6:28  Roach x2  
  99  6:33  Roach x2  
  99  6:34  Overlord  
  99  6:36  Ravager x2  
  99  6:39  Overlord  
  104  6:40  Roach  
  104  6:42  Zergling x2  
  104  6:45  Ravager  
  104  6:46  Zergling x2  
  104  6:47  Zergling x8  
  113  6:53  Roach x3  
  116  6:55  Zergling x6  
  116  7:01  Roach x3  
  116  7:04  Roach  
  105  7:13  Roach x3  
  105  7:15  Roach x3  
  111  7:20  Roach x3, Zergling x2  
  116  7:26  Roach  
  117  7:31  Zergling x4  
  117  7:32  Glial Reconstitution  
  119  7:37  Hatchery  
  119  7:39  Zergling x4  
  120  7:48  Drone x4  
  124  7:52  Zergling x6  
  124  7:56  Extractor  
  126  7:58  Ravager  
  126  8:00  Roach  
  129  8:09  Roach x4  
  137  8:13  Roach x5  
  137  8:17  Zergling x2  
  137  8:18  Overlord x2, Hatchery  
  147  8:20  Overlord  
  147  8:21  Overlord  
  147  8:25  Overlord  
  147  8:28  Overlord  
  147  8:30  Ravager  
  147  8:31  Overlord  
  147  8:32  Overlord  
  147  8:33  Overlord  
  148  8:37  Roach  
  148  8:38  Ravager x3  
  148  8:39  Zergling x6  
  156  8:42  Roach x3  
  156  8:46  Zergling x10  
  167  8:48  Zergling x2  
  167  8:49  Ravager  
  167  8:59  Roach x3  
  167  9:09  Roach x8  
  182  9:15  Zergling x6  
  177  9:21  Roach  
  177  9:22  Roach x2  
Show
View Real Time Build Order
Export as new Build Order

Harstem Protoss 

Build Orders: Oracle Opening 

Get SALT Encoding   

  8  0:00  Probe (Chrono Boost)  
  9  0:12  Probe (Chrono Boost)  
  10  0:18  Probe (Chrono Boost)  
  11  0:26  Probe  
  12  0:33  Pylon  
  12  0:39  Probe  
  13  0:51  Probe  
  14  0:58  Gateway  
  14  1:03  Probe (Chrono Boost)  
  15  1:07  Assimilator  
  15  1:13  Probe (Chrono Boost)  
  15  1:18  Probe (Chrono Boost)  
  17  1:29  Probe  
  18  1:42  Probe  
  19  1:52  Nexus  
  19  2:02  Cybernetics Core  
  19  2:05  Probe  
  20  2:12  Assimilator  
  20  2:18  Pylon  
  20  2:22  Probe  
  21  2:35  Adept (Chrono Boost)  
  21  2:36  Probe  
  24  2:47  Stargate  
  24  2:48  Probe  
  25  2:57  Warp Gate  
  25  2:58  Adept (Chrono Boost)  
  25  3:00  Probe  
  25  3:04  Probe  
  30  3:12  Probe  
  30  3:16  Probe  
  31  3:24  Probe  
  32  3:27  Oracle (Chrono Boost)  
  32  3:28  Probe  
  36  3:37  Probe  
  36  3:39  Stalker  
  36  3:40  Probe  
  40  3:43  Pylon  
  40  3:49  Probe  
  40  3:53  Probe  
  42  3:59  Pylon  
  42  4:01  Probe  
  43  4:04  Oracle (Chrono Boost)  
  43  4:05  Probe  
  47  4:13  Probe  
  48  4:17  Probe  
  49  4:25  Probe  
  49  4:29  Nexus, Probe  
  51  4:34  Pylon  
  51  4:38  Probe  
  52  4:41  Stalker, Probe  
  55  4:50  Probe  
  55  4:51  Gateway  
  55  4:52  Gateway  
  57  5:01  Stalker  
  57  5:02  Probe  
  57  5:05  Gateway  
  59  5:08  Assimilator  
  59  5:11  Pylon  
  59  5:13  Gateway  
  59  5:14  Probe  
  59  5:18  Sentry  
  62  5:22  Gateway  
  62  5:27  Probe  
  62  5:28  Probe  
  64  5:31  Pylon  
  64  5:32  Sentry  
  64  5:34  Shield Battery  
  66  5:39  Sentry  
  66  5:40  Sentry  
  71  5:42  Pylon  
  71  5:43  Probe (Chrono Boost)  
  71  5:45  Probe (Chrono Boost)  
  71  5:46  Pylon  
  71  5:48  Probe (Chrono Boost)  
  73  5:51  Stalker  
  73  5:55  Probe x2 (Chrono Boost)  
  78  5:57  Probe (Chrono Boost)  
  82  6:08  Stalker  
  80  6:13  Probe  
  80  6:16  Pylon  
  82  6:20  Zealot, Stalker x2  
  82  6:21  Pylon  
  82  6:22  Zealot  
  89  6:28  Stalker  
  89  6:29  Probe  
  92  6:38  Probe, Pylon  
  93  6:40  Stalker  
  93  6:41  Probe  
  93  6:43  Stalker  
  93  6:44  Zealot x2  
  102  6:48  Probe  
  102  6:52  Stalker  
  102  6:53  Stalker  
  104  7:06  Stalker x2  
  104  7:07  Zealot x2  
  89  7:16  Probe  
  89  7:17  Stalker x2  
  89  7:18  Probe x2  
  89  7:20  Assimilator  
  89  7:21  Assimilator  
  89  7:22  Forge  
  85  7:30  Stalker x2, Probe (Chrono Boost)  
  85  7:32  Probe x2 (Chrono Boost)  
  91  7:38  Stalker, Assimilator  
  91  7:41  Probe (Chrono Boost)  
  91  7:42  Probe (Chrono Boost)  
  96  7:45  Probe (Chrono Boost)  
  96  7:47  Probe x2 (Chrono Boost)  
  96  7:48  Robotics Facility  
  98  7:52  Probe  
  98  7:56  Probe  
  98  7:57  Pylon, Gateway  
  100  8:00  Sentry, Zealot  
  100  8:01  Zealot x2, Probe  
  100  8:02  Gateway  
  109  8:08  Photon Cannon  
  109  8:15  Pylon  
  109  8:16  Shield Battery  
  109  8:20  Sentry, Stalker  
  109  8:21  Pylon  
  109  8:22  Pylon  
  109  8:23  Photon Cannon  
  113  8:28  Sentry x2  
  113  8:32  Stalker  
  113  8:33  Photon Cannon  
  119  8:36  Photon Cannon  
  119  8:38  Pylon  
  119  8:39  Sentry  
  121  8:42  Oracle (Chrono Boost)  
  124  8:48  Shield Battery  
  124  8:49  Photon Cannon  
  124  8:51  Stalker  
  124  8:57  Sentry  
  124  9:01  Sentry  
  116  9:05  Stalker  
  116  9:11  Stalker x2  
  112  9:21  Zealot x2  
  112  9:30  Zealot x2  
  112  9:31  Probe  
  104  9:34  Cybernetics Core  
  104  9:36  Zealot x2  
Tags
 
Add a new tag
Caveats
  • Supply blocks, unpowered buildings, or Contaminate may cause inaccurate times.
  • Supply counts are checked every 10 seconds.